 Dungeon Crawl Stone Soup version 0.31-a0-325-g067879e3d3 (webtiles) character file.

Game seed: 7089637994067731712

2099 HallandMoats the Ducker (level 9, -1/92 HPs)
             Began as a Troll Monk on July 18, 2023.
             Slain by an ufetubus (4 damage)
             ... on level 6 of the Dungeon.
             The game lasted 00:08:34 (4954 turns).

HallandMoats the Ducker (Troll Monk)                Turns: 4954, Time: 00:08:36

Health: -1/92      AC: -12   Str: 23    XL:     9   Next: 7%
Magic:  8/8        EV: 12    Int:  6    God:
Gold:   440        SH:  0    Dex: 14    Spells: 8/8 levels left

rFire   . .          .
                       - Unarmed
rCold   . . .        c - orb {light}
rNeg    . . .        a - +0 robe
rPois   .            (helmet restricted)
rElec   .            p - scarf {shadows}
rCorr   .            (gloves unavailable)
SInv    .            (boots unavailable)
Will    .....        (no amulet)
Stlth   +            (no ring)
HPRegen 1.15/turn    (no ring)
MPRegen 0.11/turn

%: no passive effects
@: confused, ambrosia-drunk, corroded, glowing
A: large, unfitting armour, claws 3, regeneration 1, shaggy fur 1, tough skin 1
a: no special abilities


You were on level 6 of the Dungeon.
You visited 1 branch of the dungeon, and saw 6 of its levels.

You collected 440 gold pieces.

Inventory:

Armour
 a - a +0 robe (worn)
 c - an orb of light (worn)
 p - a scarf of shadows (worn)
Jewellery
 q - an amulet of faith
 y - an amulet of regeneration
Wands
 n - a wand of quicksilver (13)
 s - a wand of roots (6)
Scrolls
 g - a scroll of fog {unknown}
 i - 7 scrolls of identify {unknown}
 k - 3 scrolls of revelation {unknown}
 l - a scroll of brand weapon {unknown}
 m - a scroll of amnesia {unknown}
 o - 3 scrolls of teleportation {unknown}
 r - a scroll of vulnerability {unknown}
 u - a scroll of noise {unknown}
 w - a scroll of blinking
 z - a scroll of enchant armour {unknown}
 A - a scroll of immolation {unknown}
Potions
 d - 2 potions of enlightenment {unknown}
 e - 2 potions of degeneration {unknown}
 f - 3 potions of heal wounds {unknown}
 h - 4 potions of might {unknown}
 j - a potion of mutation {unknown}
 t - 2 potions of curing {unknown}
 v - a potion of brilliance {unknown}
 x - 2 potions of haste {unknown}


   Skills:
 * Level 6.8 Fighting
 * Level 6.8 Dodging
 + Level 6.0 Unarmed Combat


You had 8 spell levels left.
You didn't know any spells.
Your spell library contained the following spells:

 Spells                   Type           Power      Damage    Failure   Level
 Lesser Beckoning         Tloc           0%         N/A       58%         2
 Gell's Gravitas          Tloc           0%         N/A       83%         3
 Hailstorm                Conj/Ice       0%         3d3       83%         3
 Teleport Other           Tloc           0%         N/A       83%         3
 Summon Ice Beast         Ice/Summ       0%         N/A       99%         4
 Simulacrum               Ice/Necr       0%         N/A       100%        6
 Malign Gateway           Summ/Tloc      0%         N/A       100%        7
 Summon Horrible Things   Summ           0%         N/A       100%        8


Dungeon Overview and Level Annotations

Branches:
Dungeon (6/15)
 Temple: D:4-7

Altars:
Ashenzari
Dithmenos
Nemelex Xobeh
Qazlal
Sif Muna
Yredelemnul

Portals:
Abyss: D:5

Annotations:
D:5 2 transporters, osoart's ghost, amateur MfSh


Innate Abilities, Weirdness & Mutations

You are too large for most types of armour.
You have claws for hands.
Your natural rate of healing is unusually fast.
You are covered in fur. (AC +1)
You have tough skin. (AC +1)


Message History

The bullfrog is heavily wounded.
The ufetubus closely misses you. The ufetubus misses you.
The bullfrog hits you.
You scratch the bullfrog but do no damage.
The bullfrog is heavily wounded.
The ufetubus hits you. x2; The bullfrog hits you.
* * * LOW HITPOINT WARNING * * *
The ufetubus barely misses you. The ufetubus closely misses you.
You scratch the bullfrog.
The bullfrog is severely wounded.
The bullfrog hits you.
* * * LOW HITPOINT WARNING * * *
The ufetubus hits you.
* * * LOW HITPOINT WARNING * * *
The ufetubus hits you.
* * * LOW HITPOINT WARNING * * *
The bullfrog hits you.
* * * LOW HITPOINT WARNING * * *
The bullfrog attacks as you move away! The bullfrog hits you!
* * * LOW HITPOINT WARNING * * *
A hound comes into view.
The ufetubus attacks as you move away! The ufetubus barely misses you.
The ufetubus hits you.
* * * LOW HITPOINT WARNING * * *
The hound barks!
The ufetubus hits you.
* * * LOW HITPOINT WARNING * * *
The ufetubus completely misses you.
You are confused.
You feel invigorated. The ufetubus closely misses you. The ufetubus hits you.
* * * LOW HITPOINT WARNING * * *
An ice beast comes into view.
You barely miss the bullfrog.
The bullfrog is severely wounded.
The ufetubus barely misses you. The ufetubus hits you.
* * * LOW HITPOINT WARNING * * *
The bullfrog hits you!
* * * LOW HITPOINT WARNING * * *
The hound closely misses you. The ufetubus hits you.
You die...

.# #.# ... ..## ....
#Y.# ...# ##..#
#..#####...#
#.###......5Fh#
###.........##@##
....###..........#
#####.####†##..#.##...#
...........##....# ..#
..........##..#..# ..
.........##..###... .
.##..#.####...#..#.
###..#.# .......#


You could see an ice beast, a bullfrog, a hound and an ufetubus.

Vanquished Creatures
  Sigmund (D:3)
  A steam dragon (D:6)
  2 water moccasins (D:5)
  3 black bears (D:6)
  2 ice beasts (D:6)
  A sky beast (D:4)
  A centaur (D:4)
  A kobold brigand (D:6)
  2 scorpions
  4 hounds (D:5)
  A jelly (D:6)
  2 orc priests
  Ijyb (D:3)
  Terence (D:2)
  A sleepcap (D:5)
  5 iguanas
  Natasha (thrice) (D:3)
  2 orc wizards
  Robin (D:3)
  4 gnolls
  10 adders
  3 worms
  A dart slug (D:4)
  18 orcs
  9 ball pythons
  9 endoplasms
  2 giant cockroaches
  8 hobgoblins
  4 jackals (D:3)
  8 kobolds
  A quokka (D:1)
  3 bats
  4 frilled lizards
  15 goblins
  2 rats
136 creatures vanquished.

Notes
Turn   | Place    | Note
-------+----------+-------------------------------------------
     0 | D:1      | HallandMoats the Troll Monk began the quest for the Orb.
     0 | D:1      | Reached XP level 1. HP: 22/22 MP: 0/0
   174 | D:1      | Found a faded altar of an unknown god.
   337 | D:1      | Reached XP level 2. HP: 28/29 MP: 1/1
   976 | D:2      | Reached XP level 3. HP: 36/36 MP: 2/2
  1269 | D:2      | Noticed Terence
  1275 | D:2      | Killed Terence
  1276 | D:2      | Reached XP level 4. HP: 18/45 MP: 3/3
  1703 | D:2      | Identified the +1 robe of Hedging {rElec rF+}
  1883 | D:3      | Noticed Robin
  1906 | D:3      | Killed Robin
  2016 | D:3      | Reached XP level 5. HP: 29/53 MP: 4/4
  2063 | D:3      | Noticed Ijyb
  2077 | D:3      | Killed Ijyb
  2522 | D:3      | Noticed Sigmund
  2542 | D:3      | Killed Sigmund
  2543 | D:3      | Reached XP level 6. HP: 50/62 MP: 5/5
  2631 | D:3      | Noticed Natasha
  2636 | D:3      | Killed Natasha
  2701 | D:4      | Noticed a sky beast
  2830 | D:3      | Noticed Natasha
  2839 | D:3      | Killed Natasha
  2862 | D:3      | Noticed Natasha
  2868 | D:3      | Killed Natasha
  3156 | D:4      | Reached XP level 7. HP: 66/71 MP: 6/6
  3367 | D:4      | Reached skill level 5 in Fighting
  3367 | D:4      | Reached skill level 5 in Dodging
  3867 | D:5      | Entered Level 5 of the Dungeon
  3881 | D:5      | Identified the +1 dagger of Righteous Fury {freeze, rElec
                  | rF+++ Will- Str-5}
  4015 | D:5      | Noticed osoart's ghost (amateur MfSh)
  4059 | D:5      | Reached skill level 5 in Unarmed Combat
  4069 | D:5      | Reached XP level 8. HP: 81/81 MP: 7/7
  4190 | D:5      | Found a shimmering blue altar of Sif Muna.
  4289 | D:5      | Found a shadowy altar of Dithmenos.
  4317 | D:5      | Found a transporter.
  4331 | D:5      | Found a transporter.
  4344 | D:5      | Noticed a small abomination
  4402 | D:5      | Found a stormy altar of Qazlal.
  4428 | D:5      | Found a broken altar of Ashenzari.
  4454 | D:5      | Found a basalt altar of Yredelemnul.
  4551 | D:5      | Found a one-way gate to the infinite horrors of the Abyss.
  4598 | D:6      | Identified the +2 chain mail of Beyond {Slay+2}
  4695 | D:6      | Found a sparkling altar of Nemelex Xobeh.
  4918 | D:6      | Reached XP level 9. HP: 92/92 MP: 8/8
  4952 | D:6      | HP: 4/92 [ufetubus (3)]
  4954 | D:6      | Slain by an ufetubus

Illustrated notes

Levels and vault maps discovered:
D:1:      dpeg_arrival_fog, layout_loops_corners,
          shapermc_ecumenical_altar_pompeii
D:2:      layout_basic, moated_statue, minmay_distorted, uniq_terence
D:3:      layout_loops_cross, uniq_robin, uniq_natasha, uniq_sigmund, uniq_ijyb
D:4:      layout_basic, serial_bayou, serial_bayou_pond_e, serial_bayou_shore_a,
          serial_bayou_pond_b, serial_bayou_ford_a, hex_tiny,
          kennysheep_generic_room_7
D:5:      layout_rooms, marbit_many_paths, nicolae_overflow_quartered_altars,
          gammafunk_ghost_abyssal_escape, minmay_quadrilaterals
D:6:      minmay_spotlight, layout_rooms, amcnicky_altar_gilded,
          minmay_temple_entry_slanted, minmay_strange_pillars, minmay_checkerbox

Skill      XL: |  1  2  3  4  5  6  7  8 |
---------------+-------------------------+-----
Dodging        | 3 4 5 6 |  6.8
Fighting       | 3 4 5 6 |  6.8
Unarmed Combat | 4 5 6 |  6.0

Action                     |  1- 3 |  4- 6 |  7- 9 || total
---------------------------+-------+-------+-------++-------
  Melee: Unarmed           |    48 |   154 |   208 ||   410
    Use: Potion            |       |       |     1 ||     1
 Armour: Robe              |    20 |    31 |    38 ||    89
  Dodge: Dodged            |    17 |    69 |   125 ||   211

Table legend: (Time is in decaauts)
 A = Elapsed time spent in this place.
 B = Non-inter-level travel time spent in this place.
 C = Inter-level travel time spent in this place.
 D = Time resting spent in this place.
 E = Time spent auto-exploring this place.
 F = Levels seen in this place.
 G = Mean time per level.
                   A        B        C        D        E       F      G
               +--------+--------+--------+--------+--------+-----+--------+
         Total |   4926 |   4844 |     82 |    297 |   3249 |   6 |  821.0 |
       Dungeon |   4926 |   4844 |     82 |    297 |   3249 |   6 |  821.0 |
               +--------+--------+--------+--------+--------+-----+--------+

Top non-repeatable levels by time:
     D:3: 1170 daAuts
     D:2: 966 daAuts
     D:1: 893 daAuts
     D:4: 818 daAuts
     D:5: 737 daAuts
     D:6: 339 daAuts
